 Dungeon Sprint DCSS version 0.21-a0-258-g4c0eb85 (webtiles) character file.

39 Kidiri the Magician (level 3, -4/19 HPs)
             Began as a Deep Elf Fire Elementalist on Sept 6, 2017.
             Slain by a water elemental (18 damage)
             ... in the Dungeon (Sprint III: "The Ten Rune Challenge").
             The game lasted 00:01:37 (266 turns).

Kidiri the Magician (Deep Elf Fire Elementalist)     Turns: 266, Time: 00:01:38

Health: -4/19      AC:  4    Str:  5    XL:     3   Next: 26%
Magic:  8/13       EV: 13    Int: 20    God:
Gold:   11         SH:  0    Dex: 15    Spells: 6/15 levels left

rFire    . . .     SeeInvis .   (no weapon)
rCold    . . .     Gourm    .   (no shield)
rNeg     . . .     Faith    .   a - +0 robe
rPois    .         Spirit   .   (no helmet)
rElec    .         Reflect  .   (no cloak)
rCorr    .         Harm     .   (no gloves)
MR       .....     NoTele   +   (no boots)
Stlth    ++........             (no amulet)
HPRegen  0.06/turn              (no ring)
MPRegen  0.13/turn              (no ring)

@: engulfed (cannot breathe)
A: claws 1, iridescent scales 1, wild magic 1
a: no special abilities


You were in the Dungeon.
You were not hungry.

You visited 1 branch You collected 11 gold pieces.

Inventory:

Armour
 a - a +0 robe (worn)
Scrolls
 i - a scroll of blinking
 l - a scroll of immolation
 n - a scroll of remove curse
 q - a scroll of holy word
Potions
 d - a potion of curing
 f - 2 potions of haste
 g - 2 potions of magic
 h - a potion of berserk rage
 p - 2 potions of flight
 s - a potion of mutation
Books
 b - a book of Flames

   Spells                             Type                      Level
   a - Flame Tongue                   Conjuration/Fire             1
   b - Throw Flame                    Conjuration/Fire             2
   c - Conjure Flame                  Conjuration/Fire             3
   d - Inner Flame                    Hexes/Fire                   3
   e - Sticky Flame                   Conjuration/Fire             4
   f - Fireball                       Conjuration/Fire             5
Comestibles
 c - a bread ration
 j - 2 chunks of flesh
 k - a meat ration
 o - a royal jelly
 r - a fruit


   Skills:
 - Level 2.4 Dodging
 - Level 2.4 Stealth
 * Level 6.8 Spellcasting
 + Level 3.4 Conjurations
 + Level 4.8 Fire Magic


You had 6 spell levels left.
You knew the following spells:

 Your Spells              Type           Power        Failure   Level  Hunger
a - Flame Tongue          Conj/Fire      ####.        3%          1    None
b - Throw Flame           Conj/Fire      ####..       4%          2    None
c - Conjure Flame         Conj/Fire      ####....     9%          3    #......
d - Inner Flame           Hex/Fire       ###.....     16%         3    #......


Dungeon Overview and Level Annotations

Branches:
Dungeon (1/1)

Altars:


Innate Abilities, Weirdness & Mutations

You have sharp fingernails.
You are partially covered in iridescent scales. (AC +2)
Your spells are a little harder to cast, but a little more powerful.


Message History

The water elemental appears unharmed.
Casting: Flame Tongue
Confirm with . or Enter, or press ? or * to list all spells.
Aiming: Flame Tongue
Press: ? - help, Shift-Dir - straight line, f/p - water elemental
Aim: a water elemental (flame)
The flame tongue hits the water elemental.
The water elemental appears unharmed.
The water elemental is engulfed in blazing flames.
The water elemental hits you!
Ouch! That really hurt!
* * * LOW HITPOINT WARNING * * *
The water elemental engulfs you in water!
Unknown command.
You feel much better.
Your lungs strain for air!
The water elemental is engulfed in blazing flames.
The water elemental hits you!!
Ouch! That really hurt!
You die...

▓▓▓▓▓▓▓▓▓▓ ▓▓▓
<.#..+...♣♣ ♣.#
..#..#....♣♣ ♣.#
#'####.....♣ ♣♣.#
.....#....≈♣♣♣♣..###+#+#
.....#...≈≈♣..♣♣.#......
....[#..≈≈≈≈♣♣♣.@E.⌠....
####'#..≈≈≈≈≈≈♣..#...###
.....#.≈≈≈≈≈≈....# ⌠.#
.....#.≈≈≈≈≈.....# .#
.....#.≈≈≈.......# #
'#####...........#
.................#
▓▓▓▓▓▓▓▓▓▓▓▓▓▓▓▓▓▓


You could see a water elemental.

Vanquished Creatures
  A human (D)
  A wolf (D)
  An ooze (D)
  3 rats (D)
6 creatures vanquished.

Vanquished Creatures (others)
  2 draconian scorchers (D)
  6 hellions (D)
  A yaktaur (D)
  A plant (D)
10 creatures vanquished.

Grand Total: 16 creatures vanquished

Notes
Turn   | Place    | Note
-------+----------+-------------------------------------------
     0 | D        | Kidiri the Deep Elf Fire Elementalist began the quest for the Orb.
     0 | D        | Reached XP level 1. HP: 10/10 MP: 6/6
     5 | D        | Reached skill level 4 in Spellcasting
    80 | D        | Killed a hellion
   149 | D        | Noticed a wolf
   151 | D        | Killed a hellion
   153 | D        | Killed a hellion
   154 | D        | Killed a wolf
   154 | D        | Reached skill level 6 in Spellcasting
   154 | D        | Reached XP level 2. HP: 11/15 MP: 4/11
   158 | D        | Learned a level 2 spell: Throw Flame
   179 | D        | Gained mutation: You do not regenerate when monsters are visible. [potion of mutation]
   179 | D        | Gained mutation: You tend to lose your temper in combat. [potion of mutation]
   179 | D        | Gained mutation: You have a pair of small horns on your head. [potion of mutation]
   179 | D        | Lost mutation: You tend to lose your temper in combat. [potion of mutation]
   179 | D        | Killed a white draconian scorcher
   180 | D        | Lost mutation: You have a pair of small horns on your head. [potion of mutation]
   180 | D        | Gained mutation: Scrolls take you a little longer to read. [potion of mutation]
   180 | D        | Lost mutation: You do not regenerate when monsters are visible. [potion of mutation]
   180 | D        | Gained mutation: You are weak. (Str -2) [potion of mutation]
   180 | D        | Gained mutation: You have sharp fingernails. [potion of mutation]
   181 | D        | Lost mutation: You are weak. (Str -2) [potion of mutation]
   181 | D        | Gained mutation: You are clumsy. (Dex -2) [potion of mutation]
   181 | D        | Gained mutation: You are partially covered in iridescent scales. (AC +2) [potion of mutation]
   181 | D        | Gained mutation: You are partially covered in thin metallic scales. (AC +2) [potion of mutation]
   181 | D        | Gained mutation: Your spells are a little harder to cast, but a little more powerful. [potion of mutation]
   182 | D        | Lost mutation: You are clumsy. (Dex -2) [potion of mutation]
   182 | D        | Lost mutation: You are partially covered in thin metallic scales. (AC +2) [potion of mutation]
   182 | D        | Lost mutation: Your spells are a little harder to cast, but a little more powerful. [potion of mutation]
   182 | D        | Lost mutation: Scrolls take you a little longer to read. [potion of mutation]
   182 | D        | Gained mutation: Your spells are a little harder to cast, but a little more powerful. [potion of mutation]
   191 | D        | Killed a hellion
   193 | D        | Killed a hellion
   194 | D        | Killed a hellion
   203 | D        | Killed a yaktaur
   233 | D        | Reached XP level 3. HP: 19/19 MP: 8/13
   238 | D        | Learned a level 3 spell: Conjure Flame
   242 | D        | Learned a level 3 spell: Inner Flame
   261 | D        | Noticed a water elemental
   261 | D        | Killed a white draconian scorcher
   266 | D        | Slain by a water elemental

Vault maps used:
D:        dungeon_sprint_mu

Skill      XL: |  1  2 |
---------------+-------+-----
Spellcasting   | 6 |  6.8
Conjurations   | 2 3 |  3.4
Fire Magic     | 4 |  4.8
Dodging        | |  2.4
Stealth        | |  2.4

Action                   || total
-------------------------++-------
 Cast: Flame Tongue      ||    17
       Throw Flame       ||     1
       Conjure Flame     ||     1
  Use: Potion            ||     5
       Scroll            ||     3
Dodge: Dodged            ||     4

Table legend:
 A = Spawn XP
 B = Non-spawn XP
 C = Spawn XP percentage of total XP
 D = Spawn monster count
 E = Non-spawn monster count
 F = Spawn count percentage of total count
 G = Total turns spent on level
                    A         B        C        D         E        F      G
               +---------+---------+-------+---------+---------+-------+---------
         Total |       0 |      56 |   0.0 |       0 |       6 |   0.0 |   266
               +---------+---------+-------+---------+---------+-------+---------
             D |       0 |      56 |   0.0 |       0 |       6 |   0.0 |   266
               +---------+---------+-------+---------+---------+-------+---------
